 Dungeon Crawl Stone Soup version 0.26-a0-67-g850bfe61e3 (webtiles) character file.

Game seed: 5874593760227490688

32 LiquidNight the Vandal (level 3, 0/23 HPs)
             Began as a Halfling Arcane Marksman on June 12, 2020.
             Slain by Robin
             ... wielding a +0 trident
              (3 damage)
             ... on level 2 of the Dungeon.
             The game lasted 00:05:52 (1063 turns).

LiquidNight the Vandal (Halfling Arcane Marksman)   Turns: 1063, Time: 00:05:52

Health: 0/23       AC:  2    Str: 11    XL:     3   Next: 45%
Magic:  3/4        EV: 15    Int: 11    God:
Gold:   11         SH:  0    Dex: 15    Spells: 3/4 levels left

rFire    . . .     SeeInvis .   a - +0 hunting sling
rCold    . . .     Gourm    .   (shield restricted)
rNeg     . . .     Faith    .   e - +0 robe
rPois    .         Spirit   .   (no helmet)
rElec    .         Reflect  .   (no cloak)
rCorr    .         Harm     .   (no gloves)
MR       .....                  (no boots)
Stlth    +.........             (no amulet)
HPRegen  0.07/turn              (no ring)
MPRegen  0.09/turn              (no ring)

@: no status effects
A: small, mutation resistance 1
a: no special abilities


You were on level 2 of the Dungeon.
You were not hungry.

You visited 1 branch of the dungeon, and saw 2 of its levels.

You collected 11 gold pieces.

Inventory:

Hand Weapons
 a - a +0 hunting sling (weapon)
 g - a +0 short sword
 l - a +1 dagger of electrocution
Missiles
 d - 12 sling bullets (quivered)
 i - 15 stones
 m - 31 bolts
Armour
 e - a +0 robe (worn)
Jewellery
 j - an uncursed amulet of regeneration {unknown}
Scrolls
 b - a scroll of fear {unknown}
 c - a scroll of amnesia {unknown}
 k - a scroll of enchant weapon {unknown}
Comestibles
 f - a ration


   Skills:
 + Level 1.1 Fighting
 + Level 3.6 Slings
 + Level 2.6 Dodging
 + Level 1.2 Spellcasting
 + Level 2.9 Hexes


You had 3 spell levels left.
You knew the following spells:

 Your Spells              Type           Power        Failure   Level  Hunger
a - Corona                Hex            #......      10%         1    ##.....

Your spell library contained the following spells:

 Spells                   Type           Power        Failure   Level  Hunger
 Slow                     Hex            #.......     14%         2    ###....
 Inner Flame              Hex/Fire       #.......     45%         3    ####...
 Portal Projectile        Hex/Tloc       #.....       45%         3    ####...
 Cause Fear               Hex            #.........   67%         4    #####..
 Leda's Liquefaction      Hex/Erth       #.........   86%         4    #####..


Dungeon Overview and Level Annotations

Branches:
Dungeon (2/15)

Altars:

Annotations:
D:2 Robin


Innate Abilities, Weirdness & Mutations

You are small and have problems with some larger weapons.
You are somewhat resistant to further mutation.


Message History

Firing (i - inventory. (/) - cycle)
d - 15 sling bullets (quivered)
Press: ? - help, Shift-Dir - straight line, f/p - goblin
Aim: a goblin, wielding a +0 dagger (heavily wounded, strong)
You shoot a sling bullet.
The sling bullet barely misses the goblin.
The goblin hits you with a +0 dagger.
* * * LOW HITPOINT WARNING * * *
Firing (i - inventory. (/) - cycle)
d - 14 sling bullets (quivered)
Press: ? - help, Shift-Dir - straight line, f/p - goblin
Aim: a goblin, wielding a +0 dagger (heavily wounded, strong)
You shoot a sling bullet. The sling bullet hits the goblin.
The goblin is severely wounded.
The goblin hits you but does no damage.
Firing (i - inventory. (/) - cycle)
d - 13 sling bullets (quivered)
Press: ? - help, Shift-Dir - straight line, f/p - goblin
Aim: a goblin, wielding a +0 dagger (severely wounded, strong)
You shoot a sling bullet. The sling bullet hits the goblin!
You kill the goblin!
Robin hits you from afar with a +0 trident.
You die...

#.#######.#
#(# #.# #.#
#.# #.# #.#
#)# #@#
##g# ##.g#
####.)g##
+.....g.#
####..g##
##.(#
#....$g.#
#.##.##g#


You could see Robin, a hobgoblin (strong) and 3 goblins.

Vanquished Creatures
  An ooze (D:1)
  A dart slug (D:1)
  A leopard gecko (D:1)
  A giant cockroach (D:1)
  2 hobgoblins (D:1)
  5 kobolds
  2 bats (D:1)
  A frilled lizard (D:1)
  8 goblins
  2 rats (D:1)
24 creatures vanquished.

Notes
Turn   | Place    | Note
-------+----------+-------------------------------------------
     0 | D:1      | LiquidNight the Halfling Arcane Marksman began the quest
                  | for the Orb.
     0 | D:1      | Reached XP level 1. HP: 12/12 MP: 2/2
   223 | D:1      | Reached XP level 2. HP: 18/18 MP: 1/3
   489 | D:1      | Reached skill level 1 in Fighting
   489 | D:1      | Reached XP level 3. HP: 13/23 MP: 2/4
  1056 | D:2      | Noticed Robin
  1063 | D:2      | Slain by Robin

Illustrated notes

Levels and vault maps discovered:
D:1:      psy_arrival_dodecagon, layout_basic, hangedman_feature_mirror
D:2:      layout_loops_corners, lightli_temple_of_fire,
          chequers_ecumenical_altar_twisty, uniq_jessica, uniq_robin

Skill      XL: |  1  2 |
---------------+-------+-----
Fighting       | 1 |  1.1
Slings         | |  3.6
Dodging        | |  2.6
Spellcasting   | |  1.2
Hexes          | |  2.9

Action                   || total
-------------------------++-------
 Fire: Hunting sling     ||    84
 Cast: Corona            ||    14
  Eat: Chunk             ||     1
Armor: Robe              ||     2
Dodge: Dodged            ||    41

Table legend:
 A = Non-vault XP
 B = Vault XP
 C = Vault XP percentage of total XP
 D = Non-vault monster count
 E = Vault monster count
 F = Vault count percentage of total count
                 A         B        C        D         E       F
            +---------+---------+-------+---------+---------+-------
      Total |      24 |      23 |  48.9 |      15 |       9 |  37.5
            +---------+---------+-------+---------+---------+-------
        D:1 |      22 |      17 |  43.6 |      14 |       6 |  30.0
        D:2 |       2 |       6 |  75.0 |       1 |       3 |  75.0
            +---------+---------+-------+---------+---------+-------
